 Dungeon Crawl Stone Soup version 0.17-a0-1718-g72dbe4d (console) character file.

25 Monkaria the Ducker (level 2, -1/14 HPs)
             Began as a Felid Berserker on Aug 26, 2015.
             Was a Believer of Trog.
             Slain by a kobold
             ... wielding a +0 short sword
              (6 damage)
             ... on level 1 of the Dungeon.
             The game lasted 00:00:50 (705 turns).

Monkaria the Ducker (Felid Berserker)                Turns: 705, Time: 00:00:50

Health: -1/14      AC:  1    Str: 13    XL:     2   Next: 82%
Magic:  3/3        EV: 19    Int:  8    God:    Trog [**....]
Gold:   48         SH:  0    Dex: 15    Spells: 0 memorised, 1 level left
                                        Lives:  0   Deaths: 0

rFire  . . .     SeeInvis +       - Unarmed
rCold  . . .     Clarity  .     (armour unavailable)
rNeg   . . .     SustAt   .     (shield unavailable)
rPois  .         Gourm    .     (helmet unavailable)
rElec  .         Spirit   .     (cloak unavailable)
rCorr  .         Warding  .     (gloves unavailable)
rMut   .         Stasis   .     (boots unavailable)
MR     .....                    (no amulet)
Stlth  ++........               (no ring)
                                (no ring)

@: quick, not resistant to hostile enchantments, unstealthy
A: no armour, no weapons or thrown items, claws 1, fangs 3, see invisible,
carnivore 3, speed 1, shaggy fur 1, slow metabolism 1, sharp paws
a: Burn Spellbooks, Berserk, Trog's Hand, Renounce Religion


You were on level 1 of the Dungeon.
You worshipped Trog.
Trog was pleased with you.
You were completely stuffed.

You visited 1 branch of the dungeon, and saw 1 of its levels.

You collected 48 gold pieces.

Inventory:

Scrolls
 b - a scroll of amnesia {unknown}
 c - a scroll of fog {unknown}
 g - a scroll of identify {unknown}
 h - a scroll of teleportation {unknown}
 i - a scroll of magic mapping {unknown}
Potions
 d - a potion of lignification {unknown}
 e - a potion of haste {unknown}
 f - a potion of might {unknown}
 j - 2 potions of invisibility {unknown}
Comestibles
 a - a meat ration


   Skills:
 - Level 3.0 Fighting
 - Level 4.0 Dodging
 + Level 0.8 Stealth
 - Level 4.0 Unarmed Combat


You had one spell level left.
You didn't know any spells.

Dungeon Overview and Level Annotations

Branches:
Dungeon (1/15)

Altars:


Innate Abilities, Weirdness & Mutations

You cannot wear armour.
You are incapable of wielding weapons or throwing items.
You have sharp claws.
You have razor-sharp teeth.
You have supernaturally acute eyesight.
You are carnivorous and can eat meat at any time.
You cover ground quickly.
You are covered in fur (AC +1).
You have a slow metabolism.
Your sharp claws are effective at attacking unaware monsters.


Message History

The kobold shouts!
You claw the rat!
You kill the rat!
Trog accepts your kill. The goblin barely misses you. The rat bites you.
Found 23 stones.
You claw the goblin!
You kill the goblin!
Trog accepts your kill.
You can now regenerate and be protected from hostile enchantments.
The rat barely misses you.
You scratch the rat but do no damage. Your bite misses the rat.
The rat completely misses you.
You scratch the kobold.
The kobold is severely wounded.
The kobold hits you with a short sword.
You barely miss the kobold.
The kobold is severely wounded.
The rat bites you. The kobold hits you with a short sword.
You die...

#..........# #..###.##
#..........# #...##.#.
#..........# #.#.##...
#######..........#
#.#.####.
.................# #.#.#
#. .................#
#.#.## #.
.......##..%...#####.#..#
#. .......
+...r........##.####
....... #..@K...?...#
#..# # .......
#...[...... ##.# #
####### #.....$.... #.###
............ #..##
............. ##.##
..............( #.##
............### #..#
..(.........# ##.# #.#


You could see a kobold and a rat.

Vanquished Creatures
  2 giant cockroaches (D:1)
  6 hobgoblins (D:1)
  3 bats (D:1)
  4 goblins (D:1)
  4 jackals (D:1)
  4 rats (D:1)
23 creatures vanquished.

Notes
Turn   | Place    | Note
--------------------------------------------------------------
     0 | D:1      | Monkaria the Felid Berserker began the quest for the Orb.
     0 | D:1      | Reached XP level 1. HP: 10/10 MP: 2/2
   115 | D:1      | Reached XP level 2. HP: 14/14 MP: 3/3
   342 | D:1      | HP: 1/21 [jackal (3)]
   702 | D:1      | Acquired Trog's second power
   705 | D:1      | Slain by a kobold

Vault maps used:
D:1:      saegor_arrival_miasma

Action                   || total
-------------------------++-------
Melee: Unarmed           ||    56
Invok: Berserk           ||     1
 Stab: Sleeping          ||     1
  Eat: Chunk             ||     8
